 Dungeon Crawl Stone Soup version 0.30-a0-728-gc68057be0a (webtiles) character file.

Game seed: 6808982634384362760

945 screamidelica the Trooper (level 8, -3/52 HPs)
             Began as a Gargoyle Fighter on Jan 31, 2023.
             Was a Believer of Qazlal.
             Killed by divine providence
             ... invoked by an orc priest
              (13 damage)
             ... on level 5 of the Dungeon.
             The game lasted 00:12:00 (5751 turns).

screamidelica the Trooper (Gargoyle Fighter)        Turns: 5751, Time: 00:12:01

Health: -3/52      AC: 21    Str: 22    XL:     8   Next: 13%
Magic:  10/10      EV:  7    Int:  9    God:    Qazlal [**....]
Gold:   241        SH:  7    Dex:  9    Spells: 7/7 levels left

rFire   . . .      SeeInvis +    z - +0 war axe
rCold   . . .      Faith    .    c - +0 buckler
rNeg    + . .      Spirit   .    s - +0 chain mail
rPois   ∞          Reflect  .    C - +1 helmet
rElec   +          Harm     .    B - scarf {repulsion}
rCorr   .          Rampage  .    b - +0 pair of gloves
Will    .....                    x - +2 pair of boots Stlth
                                 A - amulet of regeneration
HPRegen 1.08/turn                r - ring of see invisible
MPRegen 0.12/turn                y - ring of flight

@: flying, repel missiles
A: sickness immunity, AC +5, negative energy resistance 1, electricity
resistance, torment resistance 1, petrification resistance
a: Renounce Religion, Upheaval


You were on level 5 of the Dungeon.
You worshipped Qazlal.
Qazlal was pleased with you.
You visited 1 branch of the dungeon, and saw 5 of its levels.

You collected 241 gold pieces.

Inventory:

Hand Weapons
 j - a +0 dagger of speed
 z - a +0 war axe (weapon)
Missiles
 h - 6 poisoned darts (quivered)
 E - a throwing net
Armour
 b - a +0 pair of gloves (worn)
 c - a +0 buckler (worn)
 s - a +0 chain mail (worn)
 x - a +2 pair of boots (worn)
 B - a scarf of repulsion (worn)
 C - a +1 helmet (worn)
Jewellery
 r - a ring of see invisible (left hand)
 t - a ring of wizardry
 y - a ring of flight (right hand)
 A - an amulet of regeneration (around neck)
Wands
 a - a wand of iceblast (10)
 G - a wand of quicksilver (10)
Scrolls
 l - 2 scrolls of amnesia
 o - 2 scrolls of immolation
 u - a scroll of fog
 w - a scroll of magic mapping
 D - a scroll of teleportation
 F - a scroll of enchant weapon {unknown}
Potions
 d - a potion of might
 e - a potion of attraction {unknown}
 f - 2 potions of berserk rage
 g - a potion of magic
 i - a potion of haste
 k - a potion of brilliance
 m - a potion of mutation {unknown}
 n - 2 potions of curing {@q1}
 p - a potion of invisibility
 q - 2 potions of degeneration
 v - a potion of lignification {unknown}


   Skills:
 - Level 6.5 Fighting
 * Level 5.0(5.2) Axes
 - Level 2.0(4.0) Maces & Flails
 - Level 3.2 Armour
 - Level 5.0 Shields
 + Level 3.2 Invocations


You had 7 spell levels left.
You didn't know any spells.
Your spell library contained the following spells:

 Spells                   Type           Power      Damage    Failure   Level
 Sting                    Tmut/Pois      0%         1d3       99%         1
 Blink                    Tloc           0%         N/A       100%        2
 Lesser Beckoning         Tloc           0%         N/A       100%        2
 Momentum Strike          Conj/Tloc      0%         3d8       100%        2
 Poisonous Vapours        Pois/Air       0%         N/A       100%        2
 Gell's Gravitas          Tloc           0%         N/A       100%        3
 Hailstorm                Conj/Ice       0%         3d3       100%        3
 Teleport Other           Tloc           0%         N/A       100%        3
 Tukima's Dance           Hex            0%         N/A       100%        3
 Ice Form                 Ice/Tmut       0%         N/A       100%        4
 Manifold Assault         Tloc           0%         N/A       100%        4
 Olgreb's Toxic Radiance  Pois           0%         N/A       100%        4
 Passage of Golubria      Tloc           0%         N/A       100%        4
 Yara's Violent Unravell  Hex/Tmut       0%         3d3       100%        5
 Simulacrum               Ice/Necr       0%         N/A       100%        6
 Storm Form               Tmut/Air       0%         N/A       100%        7


Dungeon Overview and Level Annotations

Branches:
Dungeon (5/15)
 Temple: D:4-7

Altars:
Kikubaaqudgha
Qazlal
Vehumet
Wu Jian


Innate Abilities, Weirdness & Mutations

You are immune to sickness and miasma.
Your stone body is resilient. (AC +5)
You are immune to poison.
You resist negative energy. (rN+)
You are resistant to electric shocks. (rElec)
You are resistant to unholy torment.
You are immune to petrification.


Message History

You slash the orc priest!
The orc priest is heavily wounded.
You hit the orc.
The orc priest calls down the wrath of Beogh upon you.
Beogh smites you!
The orc priest calls upon Beogh to heal the orc.
The orc's wounds heal themselves!
You block the orc's attack.
You hit the orc priest.
The orc priest is severely wounded.
You closely miss the orc. The orc priest barely misses you.
You hit the orc priest but do no damage.
The orc priest is severely wounded.
You closely miss the orc.
The orc priest calls down the wrath of Beogh upon you.
Beogh smites you! The orc hits you but does no damage.
The orc priest mumbles some strange prayers to Beogh against you.
Beogh smites you!
* * * LOW HITPOINT WARNING * * *
The orc hits you but does no damage.
You hit the orc.
The orc is heavily wounded.
You closely miss the orc priest.
The orc priest hits you with a +0 flail!
* * * LOW HITPOINT WARNING * * *
The orc hits you but does no damage.
Okay, then.
Okay, then.
You hit the orc priest.
The orc priest is almost dead.
You closely miss the orc.
The orc priest hits you with a +0 flail.
* * * LOW HITPOINT WARNING * * *
The orc hits you but does no damage.
You slash the orc priest!
You kill the orc priest!
Qazlal accepts your kill.
You completely miss the orc. The orc hits you but does no damage.
The orc priest invokes the aid of Beogh against you.
Beogh smites you!
You die...

....##.....##...
#.............#
#?...#.###.#..###
#...))).........############
....##.....####.#......<...#
#.#..).......##............#
. #.#.#...#.###............#
.....#.#.#....○°..<.......#
...##.......##o)@..........#
........#......o#...<......#
# .#....#....#..############
......#.......#
.##.....o.##.... ..
.#.#.....### .#.#...#.#...#
..........# #o... ## #


You could see an orc priest and an orc.

Vanquished Creatures
  Sigmund (D:3)
  Pargi (D:3)
  An ice beast (D:5)
  A black bear (D:5)
  A scorpion (D:5)
  3 orc priests
  A hound (D:4)
  2 iguanas (D:4)
  2 orc wizards
  Robin (D:3)
  8 gnolls
  5 adders
  An ufetubus (D:4)
  3 worms
  3 dart slugs
  12 orcs
  7 ball pythons
  6 bats
  4 endoplasms
  16 goblins
  12 hobgoblins
  7 quokkas
  4 frilled lizards
  5 kobolds
  11 rats
118 creatures vanquished.

Notes
Turn   | Place    | Note
-------+----------+-------------------------------------------
     0 | D:1      | screamidelica the Gargoyle Fighter began the quest for the
                  | Orb.
     0 | D:1      | Reached XP level 1. HP: 14/14 MP: 1/1
   148 | D:1      | Reached XP level 2. HP: 11/19 MP: 2/2
  1310 | D:2      | Reached XP level 3. HP: 5/24 MP: 3/3
  1605 | D:2      | Reached skill level 4 in Fighting
  1783 | D:2      | Reached XP level 4. HP: 5/30 MP: 4/4
  2974 | D:3      | Noticed Pargi
  2997 | D:3      | Killed Pargi
  2998 | D:3      | Reached skill level 5 in Fighting
  2998 | D:3      | Reached skill level 5 in Shields
  2998 | D:3      | Reached XP level 5. HP: 27/35 MP: 5/5
  3012 | D:3      | Reached skill level 6 in Fighting
  3213 | D:3      | Reached XP level 6. HP: 41/41 MP: 6/6
  3386 | D:3      | Found an ancient bone altar of Kikubaaqudgha.
  3386 | D:3      | Found a stormy altar of Qazlal.
  3396 | D:3      | Became a worshipper of Qazlal Stormbringer
  3709 | D:3      | HP: 2/42 [orc priest/divine providence (11)]
  3971 | D:3      | Noticed Sigmund
  3978 | D:3      | Killed Sigmund
  3979 | D:3      | Reached XP level 7. HP: 38/47 MP: 7/7
  4074 | D:3      | Noticed Robin
  4088 | D:3      | Reached * piety under Qazlal
  4106 | D:3      | Killed Robin
  4245 | D:3      | Found a radiant altar of Vehumet.
  4561 | D:3      | Found an ornate altar of the Wu Jian Council.
  4864 | D:4      | Reached skill level 1 in Invocations
  5668 | D:5      | Entered Level 5 of the Dungeon
  5708 | D:5      | Reached ** piety under Qazlal
  5719 | D:5      | Reached XP level 8. HP: 33/52 MP: 8/10
  5723 | D:5      | Reached skill level 5 in Axes
  5751 | D:5      | Killed from afar by an orc priest

Illustrated notes

Levels and vault maps discovered:
D:1:      saegor_arrival_simple_a, layout_loops_ring, serial_forest,
          infiniplex_forest_lined_room_2, infiniplex_forest_straight_3,
          infiniplex_forest_clump_long, infiniplex_forest_lined_room_2,
          infiniplex_forest_lined_4_way, infiniplex_forest_clump_long,
          infiniplex_forest_end_1, infiniplex_forest_clump_curved,
          minmay_misc_feat_iff
D:2:      layout_basic
D:3:      layout_loops_corners, jmf_multi_god_temple,
          grunt_temple_overflow_open, nicolae_concentric_dashed_squares_mild,
          minmay_misc_feat_nine_boxes, uniq_pargi, uniq_robin, uniq_sigmund
D:4:      layout_loops_cross, fountainhead, minivault_24,
          kennysheep_small_spiral
D:5:      nicolae_cairo_tiling_large_dashed, layout_rooms,
          minmay_temple_entry_poolview

Skill      XL: |  1  2  3  4  5  6  7  8 |
---------------+-------------------------+-----
Fighting       | 4 5 6 |  6.5
Shields        | 4 5 |  5.0
Axes           | 2 4 5 |  5.0
Invocations    | 3 |  3.2
Maces & Flails | |  2.0
Armour         | |  3.2

Action                     |  1- 3 |  4- 6 |  7- 9 || total
---------------------------+-------+-------+-------++-------
  Melee: Flail             |    44 |     9 |       ||    53
         Dagger            |   115 |    58 |       ||   173
         Whip              |     6 |   143 |       ||   149
         War axe           |       |     6 |   184 ||   190
    Use: Potion            |     1 |     3 |     1 ||     5
         Scroll            |       |     5 |     8 ||    13
   Stab: Invisible         |       |       |     4 ||     4
 Armour: Scale mail        |    44 |       |       ||    44
         Chain mail        |    13 |   158 |   152 ||   323
  Dodge: Dodged            |    45 |    51 |    90 ||   186
  Block: Buckler           |    30 |    41 |    74 ||   145

Table legend: (Time is in decaauts)
 A = Elapsed time spent in this place.
 B = Non-inter-level travel time spent in this place.
 C = Inter-level travel time spent in this place.
 D = Time resting spent in this place.
 E = Time spent auto-exploring this place.
 F = Levels seen in this place.
 G = Mean time per level.
                   A        B        C        D        E       F      G
               +--------+--------+--------+--------+--------+-----+--------+
         Total |   5777 |   5249 |    528 |   1100 |   3086 |   5 | 1155.4 |
       Dungeon |   5777 |   5249 |    528 |   1100 |   3086 |   5 | 1155.4 |
               +--------+--------+--------+--------+--------+-----+--------+

Top non-repeatable levels by time:
     D:2: 2021 daAuts
     D:3: 1537 daAuts
     D:1: 1160 daAuts
     D:4: 965 daAuts
     D:5: 92 daAuts
